 Dungeon Crawl Stone Soup version 0.32-a0-841-g4648e6c457 (webtiles) character file.

Game seed: 3536624244852170465

10235 ezpacito the Trooper (level 11, -1/84 HPs)
             Began as a Coglin Chaos Knight on Mar 26, 2024.
             Was a Plaything of Xom.
             Slain by Urug
             ... wielding a +5 broad axe
              (16 damage)
             ... on level 10 of the Dungeon.
             The game lasted 00:16:59 (9784 turns).

ezpacito the Trooper (Coglin Chaos Knight)          Turns: 9784, Time: 00:16:59

Health: -1/84      AC: 20    Str: 20    XL:     11   Next: 58%
Magic:  16/16      EV: 12    Int: 17    God:    Xom [*.....]
Gold:   475        SH:  0    Dex: 13    Spells: 0/16 levels left

rFire   . . .        w - +4 falchion of Rukkihoc {flame, ^Fragile rElec rPois Int+4}
rCold   . . .        b - +2 broad axe (chaos) {Friedl}
rNeg    . . .        k - +10 ring mail of Parts Unknown {Will+ Int+2}
rPois   +            (no helmet)
rElec   +            (no cloak)
rCorr   .            d - +2 pair of gloves {hurl}
SInv    .            (no boots)
Will    ++...        (amulet unavailable)
Stlth   ++           (ring unavailable)
HPRegen 0.34/turn    (ring unavailable)
MPRegen 0.15/turn    (no gizmo)

%: no passive effects
@: revved
A: off-hand wielding, slow wielding, warmup strikes, no jewellery, strong-willed
1, shaggy fur 1, strong 1
a: Invent Gizmo, Renounce Religion


You were on level 10 of the Dungeon.
You worshipped Xom.
You were a special plaything of Xom.
You visited 2 branches of the dungeon, and saw 11 of its levels.
You also visited: Bailey.

You collected 702 gold pieces.
You spent 227 gold pieces at shops.

Inventory:

Hand Weapons
 a - a +0 hand axe of chaos {Ran}
 b - a +2 broad axe of chaos (offhand) {Friedl}
 r - the +3 dagger of Biont {pain, Fly}
   (You found it in a bailey)

   Fly:       It grants you flight.
 w - the +4 falchion of Rukkihoc (weapon) {flame, ^Fragile rElec rPois Int+4}
   (You found it on level 4 of the Dungeon)

   Int+4:     It affects your intelligence (+4).
   rElec:     It insulates you from electricity.
   rPois:     It protects you from poison.
   ^Fragile:  It will be destroyed if unequipped.
Missiles
 n - 10 poisoned darts (quivered)
Armour
 d - a +2 pair of gloves of hurling (worn)
 k - the +10 ring mail of Parts Unknown (worn) {Will+ Int+2}
   (You found it in a bailey)

   Int+2:     It affects your intelligence (+2).
   Will+:     It increases your willpower.
 s - a +9 plate armour of ponderousness
 u - a +0 helmet
 D - a +4 chain mail of cold resistance
Magical Staves
 m - a staff of earth
Talismans
 c - a maw talisman
Wands
 x - a wand of paralysis (6)
Scrolls
 f - a scroll of revelation {unknown}
 t - 3 scrolls of teleportation
 y - 2 scrolls of amnesia
 A - 2 scrolls of immolation
Potions
 e - 4 potions of enlightenment
 g - a potion of mutation
 j - 2 potions of brilliance
 l - 2 potions of attraction
 p - 2 potions of cancellation


   Skills:
 * Level 7.3 Fighting
 + Level 4.1 Long Blades
 * Level 7.2(7.8) Axes
 + Level 3.9(5.8) Polearms
 * Level 6.3 Armour
 * Level 6.0 Dodging
 + Level 3.8 Stealth
 + Level 3.4 Spellcasting
 + Level 2.5 Summonings
 + Level 4.1 Necromancy
 + Level 2.5 Translocations
 + Level 3.8 Alchemy
 + Level 5.4 Evocations


You couldn't memorise any spells.
You knew the following spells:

 Your Spells              Type           Power      Damage    Failure   Level
a - Fugue of the Fallen   Necr           17%        N/A       14%         3
b - Cigotuvi's Dreadful   Necr/Alch/Air  24%        N/A       13%         2
c - Magic Dart            Conj           8%         1d3       26%         1
d - Call Imp              Summ           22%        N/A       14%         2
e - Ignite Poison         Fire/Alch      9%         N/A       75%         4
f - Blink                 Tloc           22%        N/A       14%         2
g - Necrotise             Necr           68%        1d7       4%          1
h - Sting                 Conj/Alch      36%        1d5       12%         1

Your spell library contained the following spells:

 Spells                   Type           Power      Damage    Failure   Level
 Summon Small Mammal      Summ           44%        N/A       9%          1
 Apportation              Tloc           22%        N/A       10%         1
 Lesser Beckoning         Tloc           22%        N/A       14%         2
 Momentum Strike          Conj/Tloc      14%        3d8       24%         2
 Call Canine Familiar     Summ           11%        N/A       26%         3
 Gell's Gravitas          Tloc           11%        N/A       28%         3
 Teleport Other           Tloc           11%        N/A       28%         3
 Ensorcelled Hibernation  Hex/Ice        4%         N/A       36%         2
 Jinxbite                 Hex            4%         N/A       36%         2
 Animate Dead             Necr           17%        N/A       43%         4
 Sigil of Binding         Hex            2%         N/A       61%         3
 Anguish                  Hex/Necr       5%         N/A       73%         4
 Alistair's Intoxication  Alch           10%        N/A       82%         5
 Dimensional Bullseye     Hex/Tloc       3%         N/A       83%         4
 Iskenderun's Mystic Bla  Conj/Tloc      7%         2d4       83%         4
 Summon Blazeheart Golem  Fire/Summ      7%         N/A       83%         4
 Vhi's Electric Charge    Tloc/Air       14%        N/A       83%         4
 Freezing Cloud           Conj/Ice/Air   1%         6-21      100%        5
 Dispersal                Tloc           5%         N/A       100%        6
 Sculpt Simulacrum        Ice/Alch       4%         N/A       100%        6
 Haunt                    Necr/Summ      7%         N/A       100%        7
 Orb of Destruction       Conj           1%         9d5       100%        7
 Spellforged Servitor     Conj/Summ      3%         N/A       100%        7
 Disjunction              Tloc           5%         N/A       100%        8
 Infestation              Necr           8%         N/A       100%        8


Dungeon Overview and Level Annotations

Branches:
Dungeon (10/15)            Temple (1/1) D:7            Lair (0/5) D:8
    Orc (0/2) D:9          Bailey (visited)

Altars:
Ashenzari
Cheibriados
Dithmenos
Elyvilon
Fedhas
Gozag
Hepliaklqana
Kikubaaqudgha
Makhleb
Okawaru
Qazlal
Ru
Sif Muna
Trog
Uskayaw
Vehumet
Wu Jian
Xom
Yredelemnul
Zin
The Shining One

Shops:
D:5 ?

Annotations:
D:10 Urug


Innate Abilities, Weirdness & Mutations

You can wield a second weapon in your off-hand.
It takes a long time for you to wield or remove held weapons.
Your first few attacks do less damage.
You cannot equip rings or amulets.
You are strong-willed. (Will+)
You are covered in fur. (AC +1)
Your muscles are strong. (Str +4, Int/Dex -1)


Message History

You take 10 damage, and have 73/84 hp.
You hit Urug with the +4 falchion of Rukkihoc.
You burn Urug.
Urug is lightly wounded.
You slash Urug with your +2 broad axe of chaos!
Urug hits you with a +5 broad axe!
You take 8 damage, and have 65/84 hp.
You slash Urug with the +4 falchion of Rukkihoc!
You burn Urug.
Urug is severely wounded.
You hit Urug with your +2 broad axe of chaos.
Urug seems to speed up.
Xom thinks this is hilarious!
Urug hits you with a +5 broad axe! Urug barely misses you.
You are too injured to fight recklessly!
You take 8 damage, and have 57/84 hp.
You are too injured to fight recklessly!
You closely miss Urug with your +2 broad axe of chaos.
Urug is severely wounded.
You barely miss Urug with the +4 falchion of Rukkihoc.
Urug hits you with a +5 broad axe!! x2
* * * LOW HITPOINT WARNING * * *
You take 41 damage, and have 16/84 hp.
MASSIVE DAMAGE!!
You hit Urug but do no damage.
Urug is severely wounded.
You hit Urug but do no damage. Urug hits you but does no damage.
You hit Urug with your +2 broad axe of chaos.
Urug is poisoned.
Urug is severely wounded.
You closely miss Urug with the +4 falchion of Rukkihoc.
Urug hits you with a +5 broad axe.
* * * LOW HITPOINT WARNING * * *
Urug hits you but does no damage.
You take 2 damage, and have 15/84 hp.
You hit Urug with your +2 broad axe of chaos.
Urug is almost dead.
You hit Urug with the +4 falchion of Rukkihoc.
You burn Urug. Urug hits you with a +5 broad axe!
You die...
Urug screams, "Revenge at last!"

#............#.# .# #
###.##.#####.#.##.#...
#....# #...#.#....
#†##.# #........# #.
#.# #....# #.
#.#####.##.# #.
#.......##.# #.
##.#.#####.# #. #.#.#
#@# #. #.#.# #o# #.#.#
#.# #.#.# #.# #.#.#
#.# ....# #.# #.# #.#
..#


You could see Urug (fast, very poisoned).

Vanquished Creatures
  A hydra (D:7)
  A two-headed ogre (D:9)
  Pikel (D:6)
  A moth of wrath (D:7)
  A gargoyle (Bailey)
  4 komodo dragons
  Prince Ribbit (D:6)
  2 trolls (D:10)
  A hornet (D:8)
  Grinder (D:6)
  Sigmund (D:5)
  A vampire (Bailey)
  4 yaks (D:10)
  A steam dragon (D:8)
  Edmund (D:6)
  9 orc warriors
  3 black bears
  5 centaurs
  2 lemures (D:6)
  3 phantoms
  3 bullfrogs
  4 scorpions
  2 gnoll sergeants (D:8)
  8 vampire bats (Bailey)
  7 wolf zombies (Bailey)
  3 howler monkeys
  A bombardier beetle (D:4)
  2 hounds
  2 gnoll boudas
  3 orc priests
  A jelly (D:4)
  2 sleepcaps (D:6)
  9 orc wizards
  2 iguanas
  21 gnolls
  9 adders
  5 river rats (D:8)
  4 ufetubi
  3 ribbon worms (D:2)
  39 orcs
  8 ball pythons
  3 bats
  7 endoplasms
  6 giant cockroaches
  6 goblins
  8 hobgoblins
  2 jackals (D:2)
  6 quokkas
  3 frilled lizards
  8 kobolds
  18 orc zombies (Bailey)
  7 rats
256 creatures vanquished.

Vanquished Creatures (collateral kills)
  The ghost of Squishy the Slicer, a novice DrCj of Yredelemnul (D:7)
  A water moccasin (D:7)
  A gnoll (D:7)
3 creatures vanquished.

Vanquished Creatures (others)
  An orc priest (D:8)
  A gnoll zombie (D:8)
  An orc zombie (D:8)
  A river rat zombie (D:8)
4 creatures vanquished.

Grand Total: 263 creatures vanquished

Notes
Turn   | Place    | Note
-------+----------+-------------------------------------------
     0 | D:1      | ezpacito the Coglin Chaos Knight began the quest for the
                  | Orb.
     0 | D:1      | Reached XP level 1. HP: 18/18 MP: 1/1
    88 | D:1      | Found a faded altar of an unknown god.
    93 | D:1      | Reached skill level 1 in Dodging
   122 | D:1      | XOM: divination: magic mapping
   357 | D:1      | Reached XP level 2. HP: 24/24 MP: 2/2
   951 | D:1      | XOM: silly message
   972 | D:1      | XOM: silly message
  1110 | D:2      | XOM: silly message
  1144 | D:2      | Reached XP level 3. HP: 29/29 MP: 3/3
  1324 | D:2      | XOM: divination: detect items
  1403 | D:2      | XOM: silly message
  2071 | D:2      | Got the Guide on the Gift and Unspeakable Secrets
  2206 | D:2      | XOM: silly message
  2321 | D:3      | Reached XP level 4. HP: 32/35 MP: 4/4
  2460 | D:3      | Reached skill level 1 in Evocations
  2471 | D:3      | Learned a level 3 spell: Fugue of the Fallen
  2892 | D:4      | XOM: smoke on damage
  2897 | D:4      | Reached XP level 5. HP: 16/41 MP: 4/6
  3022 | D:4      | XOM: silly message
  3137 | D:4      | Identified the +4 falchion of Rukkihoc {flame, ^Fragile
                  | rElec rPois Int+4}
  3142 | D:4      | XOM: divination: detect creatures
  3149 | D:4      | Reached skill level 1 in Polearms
  3149 | D:4      | Reached skill level 1 in Stealth
  3166 | D:4      | Noticed a black bear
  3180 | D:4      | Killed a black bear
  3181 | D:4      | Reached skill level 1 in Spellcasting
  3181 | D:4      | Reached XP level 6. HP: 37/48 MP: 7/7
  3222 | D:4      | Found an ancient bone altar of Kikubaaqudgha.
  3307 | D:4      | Reached skill level 1 in Necromancy
  3591 | D:5      | Entered Level 5 of the Dungeon
  3615 | D:5      | Reached XP level 7. HP: 54/54 MP: 8/8
  3709 | D:5      | Found Ongueryt's Magic Scroll Boutique.
  3717 | D:5      | Bought a scroll of identify for 26 gold pieces
  3717 | D:5      | Bought a scroll of amnesia for 52 gold pieces
  3717 | D:5      | Bought a scroll of enchant weapon for 97 gold pieces
  3717 | D:5      | Bought a scroll of immolation for 52 gold pieces
  3754 | D:5      | Found a sacrificial altar of Ru.
  3799 | D:5      | Noticed Sigmund
  3805 | D:5      | Killed Sigmund
  3868 | D:5      | Learned a level 2 spell: Cigotuvi's Dreadful Rot
  3870 | D:5      | Learned a level 1 spell: Magic Dart
  3873 | D:5      | Learned a level 2 spell: Call Imp
  3922 | D:5      | XOM: divination: magic mapping
  4007 | D:5      | Found a stormy altar of Qazlal.
  4014 | D:5      | XOM: silly message
  4054 | D:6      | Noticed a two-headed ogre
  4057 | D:6      | XOM: potion effect (might)
  4057 | D:6      | Noticed Edmund
  4106 | D:6      | Reached skill level 1 in Long Blades
  4121 | D:6      | Noticed Pikel
  4127 | D:6      | XOM: potion effect (brilliance)
  4148 | D:6      | XOM: potion effect (heal wounds)
  4150 | D:6      | Killed Pikel
  4151 | D:6      | Reached skill level 1 in Alchemy
  4151 | D:6      | Reached XP level 8. HP: 52/61 MP: 10/10
  4168 | D:6      | XOM: potion effect (invisibility)
  4269 | D:6      | XOM: potion effect (invisibility)
  4339 | D:6      | XOM: polymorph hound -> adder
  4474 | D:6      | Reached skill level 5 in Fighting
  4513 | D:6      | XOM: polymorph howler monkey -> rat
  4646 | D:6      | Reached skill level 5 in Axes
  4777 | D:6      | XOM: smoke on damage
  4857 | D:6      | Found an iron altar of Okawaru.
  4869 | D:6      | Reached XP level 9. HP: 68/68 MP: 12/12
  4944 | D:6      | Found a glowing golden altar of the Shining One.
  4958 | D:6      | XOM: scenery: summon butterflies
  4997 | D:6      | XOM: cleaving
  5003 | D:6      | Killed Edmund
  5094 | D:6      | XOM: scenery: create altars
  5099 | D:6      | Noticed Prince Ribbit
  5103 | D:6      | XOM: fog
  5119 | D:6      | Killed Prince Ribbit
  5310 | D:6      | a two-headed ogre changed into a komodo dragon
  5310 | D:6      | Noticed a komodo dragon
  5310 | D:6      | XOM: polymorph two-headed ogre -> komodo dragon
  5314 | D:6      | Killed a komodo dragon
  5352 | D:6      | XOM: god gift: +1 broad axe of chaos
  5392 | D:6      | Noticed Grinder
  5399 | D:6      | Paralysed by Grinder for 2 turns
  5402 | D:6      | Killed Grinder
  5425 | D:6      | XOM: noise
  5434 | D:6      | Found a radiant altar of Vehumet.
  5723 | D:6      | Learned a level 4 spell: Ignite Poison
  5734 | D:6      | XOM: god gift: potion of haste
  5740 | D:7      | Noticed a five-headed hydra
  5740 | D:7      | Noticed Squishy's ghost (novice DrCj)
  5740 | D:7      | Noticed a moth of wrath
  5948 | D:7      | XOM: noise
  5949 | D:7      | Found a flagged portal.
  5970 | Bailey   | Entered a bailey
  6203 | Bailey   | Reached skill level 5 in Armour
  6209 | Bailey   | Reached XP level 10. HP: 75/76 MP: 12/14
  6288 | Bailey   | XOM: 1-stop teleportation journey
  6292 | Bailey   | Learned a level 2 spell: Blink
  6329 | Bailey   | Noticed a gargoyle
  6340 | Bailey   | Killed a gargoyle
  6578 | Bailey   | Identified the +10 ring mail of Parts Unknown {Will+ Int+2}
  6580 | Bailey   | Identified the +3 dagger of Biont {pain, Fly}
  6774 | Bailey   | XOM: silly message
  6893 | D:7      | Found a staircase to the Ecumenical Temple.
  6939 | D:7      | Found a transporter.
  6959 | D:7      | Found a transporter.
  6970 | D:7      | Identified the +0 ring mail of the Wereyak {Dex+4}
  7064 | D:7      | XOM: silly message
  7068 | D:7      | XOM: cast spell 'Animate Armour'
  7212 | Temple   | Entered the Ecumenical Temple
  7276 | D:7      | XOM: divination: magic mapping
  7280 | D:7      | Reached skill level 5 in Dodging
  7280 | D:7      | Gained mutation: Your flesh is cold resistant. (rC+)
                  | [potion of mutation]
  7280 | D:7      | Gained mutation: You have a pair of small horns on your
                  | head. [potion of mutation]
  7281 | D:7      | Lost mutation: You have a pair of small horns on your head.
                  | [potion of mutation]
  7281 | D:7      | Lost mutation: Your flesh is cold resistant. (rC+) [potion
                  | of mutation]
  7281 | D:7      | Gained mutation: You are strong-willed. (Will+) [potion of
                  | mutation]
  7290 | D:7      | XOM: stat loss: -1 Dex (13/14)
  7296 | D:7      | XOM: enchant monster (bad)
  7345 | D:8      | Reached skill level 1 in Summonings
  7354 | D:8      | XOM: draining
  7472 | D:8      | Reached skill level 1 in Translocations
  7481 | D:8      | XOM: polymorph river rat -> scorpion
  7491 | D:8      | XOM: 4-stop teleportation journey
  7640 | D:8      | XOM: divination: detect items
  7693 | D:8      | Found a staircase to the Lair.
  7833 | D:8      | XOM: god gift: maw talisman
  8513 | D:9      | Found a burning altar of Makhleb.
  8559 | D:9      | XOM: smoke on damage
  8565 | D:9      | Reached skill level 5 in Evocations
  8685 | D:9      | Reached XP level 11. HP: 83/83 MP: 15/15
  8687 | D:9      | Learned a level 1 spell: Necrotise
  8689 | D:9      | Learned a level 1 spell: Sting
  8692 | D:9      | Found a staircase to the Orcish Mines.
  8750 | D:9      | Noticed a two-headed ogre
  8757 | D:9      | Killed a two-headed ogre
  8984 | D:9      | XOM: scenery: summon butterflies
  9051 | D:9      | XOM: god gift: Dobauz's Reference Book on Liminal
                  | Desecration {god gift}
  9052 | D:9      | Got Dobauz's Reference Book on Liminal Desecration {god
                  | gift}
  9202 | D:7      | XOM: cleaving
  9203 | D:7      | Killed Squishy's ghost
  9212 | D:7      | Killed a moth of wrath
  9319 | D:7      | XOM: give mutations
  9319 | D:7      | Gained mutation: Your muscles are strong. (Str +4, Int/Dex
                  | -1) [Xom's grace]
  9319 | D:7      | Gained mutation: You are covered in fur. (AC +1) [Xom's
                  | grace]
  9433 | D:7      | Killed a one-headed hydra
  9436 | D:7      | Identified the ring of Suspected Treachery {Wiz Fly Will-
                  | SInv Stlth-}
  9582 | D:10     | Entered Level 10 of the Dungeon
  9590 | D:10     | XOM: confuse monster(s)
  9772 | D:10     | Noticed Urug
  9784 | D:10     | Slain by Urug

Illustrated notes

Levels and vault maps discovered:
D:1:      lightli_arrival_windingriver, layout_loops_corners,
          hellmonk_ecumenical_altar_pennies_from_heaven,
          amcnicky_mini_rare_corridor_liquid
D:2:      layout_loops_ring, serial_co_window_serial, co_window_paths_b,
          co_window_paths_a, co_window_paths_a, co_window_corner_a,
          co_window_of_opportunity_a, co_window_corner_cb, co_window_corner_ca,
          co_window_unsneaky_path_d, co_window_corner_b, co_window_4corner_a,
          co_window_4corner_b, glass_columns_a, glass_columns_c,
          glass_columns_a, glass_columns_b, glass_columns_a,
          hangedman_decor_push
D:3:      layout_rooms, nicolae_overflow_hidden_temple, corexii_shack,
          serial_park_tiny_2, minmay_close_crescents
D:4:      layout_basic, kiku_gazebo_garden_becter
D:5:      layout_rooms, mainiacjoe_overflow_brackets,
          mainiacjoe_overflow_cross_hatched, serial_shops,
          nicolae_shop_statue_plus, uniq_sigmund
D:6:      hellmonk_crumbling_castle, layout_basic, okawaru_metal_pillars_1_2,
          overflow_temple_1_default, tso_altar, uniq_pikel, uniq_grinder,
          uniq_edmund, uniq_prince_ribbit1
D:7:      layout_cave_pools, minmay_temple_entry_fiery, enter_bailey_4,
          gammafunk_ghost_berserking_beasts
D:8:      layout_loops_ring, dpeg_lair_monsters
D:9:      layout_basic, lemuel_tele_altar, orc_david_3
D:10:     layout_loops_ring, gammafunk_ghost_spectres, uniq_harold, uniq_joseph,
          uniq_urug
Temple:   zaba_magenta_temple

Skill      XL: |  1  2  3  4  5  6  7  8  9 10 11 |
---------------+----------------------------------+-----
Dodging        | 1 2 3 4 5 6 |  6.0
Armour         | 2 3 4 5 6 |  6.3
Evocations     | 1 2 3 4 5 |  5.4
Polearms       | 1 2 3 |  3.9
Stealth        | 1 2 3 |  3.8
Spellcasting   | 1 2 3 |  3.4
Fighting       | 4 5 6 7 |  7.3
Necromancy     | 1 2 3 4 |  4.1
Axes           | 4 5 6 7 |  7.2
Long Blades    | 1 2 3 4 |  4.1
Alchemy        | 1 2 3 |  3.8
Summonings     | 1 2 |  2.5
Translocations | 1 2 |  2.5

Action                     |  1- 3 |  4- 6 |  7- 9 | 10-12 || total
---------------------------+-------+-------+-------+-------++-------
  Melee: Hand axe          |    98 |    64 |   112 |       ||   274
         Dagger            |    31 |       |       |       ||    31
         Spear             |    68 |    63 |       |       ||   131
         Falchion          |       |    17 |   172 |   229 ||   418
         Broad axe         |       |       |    56 |   228 ||   284
  Evoke: Wand              |       |       |    11 |    19 ||    30
    Use: Scroll            |       |     4 |    13 |     7 ||    24
         Potion            |       |       |     5 |     9 ||    14
   Stab: Sleeping          |       |     1 |     1 |     1 ||     3
         Confused          |       |     1 |     2 |     2 ||     5
         Paralysed         |       |       |    14 |     5 ||    19
         Invisible         |       |       |     8 |       ||     8
         Held in net/web   |       |       |     1 |     2 ||     3
         Distracted        |       |       |       |     1 ||     1
 Armour: Leather armour    |    64 |    42 |    94 |       ||   200
         Skin              |       |       |     8 |       ||     8
         Chain mail        |       |       |    94 |    27 ||   121
         Ring mail         |       |       |       |   208 ||   208
  Dodge: Dodged            |    41 |    27 |   143 |   191 ||   402

Table legend: (Time is in decaauts)
 A = Elapsed time spent in this place.
 B = Non-inter-level travel time spent in this place.
 C = Inter-level travel time spent in this place.
 D = Time resting spent in this place.
 E = Time spent auto-exploring this place.
 F = Levels seen in this place.
 G = Mean time per level.
                   A        B        C        D        E       F      G
               +--------+--------+--------+--------+--------+-----+--------+
         Total |   9808 |   9292 |    516 |    778 |   6598 |  12 |  817.3 |
       Dungeon |   8998 |   8483 |    515 |    568 |   6228 |  10 |  899.8 |
        Temple |      1 |      1 |      0 |      0 |      0 |   1 |    1.0 |
        Bailey |    808 |    808 |      0 |    210 |    369 |   1 |  808.0 |
               +--------+--------+--------+--------+--------+-----+--------+

Top non-repeatable levels by time:
     D:6: 1644 daAuts
     D:2: 1216 daAuts
     D:8: 1169 daAuts
     D:7: 1152 daAuts
     D:1: 1105 daAuts
  Bailey: 808 daAuts
     D:4: 767 daAuts
     D:9: 708 daAuts
     D:3: 520 daAuts
     D:5: 506 daAuts
    D:10: 205 daAuts
  Temple: 1 daAuts
